 Dungeon Crawl Stone Soup version 0.30-a0-591-g3c58d2bc28 (webtiles) character file.

Game seed: 13038571495601557068

623 IdlyInterested the Sneak (level 7, -1/50 HPs)
             Began as a Demonspawn Brigand on Jan 4, 2023.
             Slain by an orc
             ... wielding a +0 falchion
              (2 damage)
             ... on level 6 of the Dungeon.
             The game lasted 00:14:01 (4422 turns).

IdlyInterested the Sneak (Demonspawn Brigand)       Turns: 4422, Time: 00:14:01

Health: -1/50      AC: 14    Str: 17    XL:     7   Next: 22%
Magic:  7/7        EV:  5    Int: 12    God:
Gold:   288        SH:  0    Dex: 23    Spells: 6/6 levels left

rFire   . . .      SeeInvis .    F - +2 dagger (venom)
rCold   . . .      Faith    .    (no shield)
rNeg    . . .      Spirit   .    b - +0 plate armour
rPois   .          Reflect  .    (no helmet)
rElec   .          Harm     .    o - +0 cloak
rCorr   .          Rampage  .    (no gloves)
Will    .....                    (no boots) Stlth
                                 (no amulet)
HPRegen 0.28/turn                n - +6 ring of dexterity
MPRegen 0.10/turn                D - +6 ring of strength

@: confused, ambrosia-drunk
A: slimy green scales 2, demonic touch 1
a: no special abilities


You were on level 6 of the Dungeon.
You visited 2 branches of the dungeon, and saw 7 of its levels.

You collected 288 gold pieces.

Inventory:

Hand Weapons
 a - a +3 dagger
 j - a +0 short sword
 p - a +2 great sword of electrocution
 F - a +2 dagger of venom (weapon)
Missiles
 d - 15 poisoned darts
 e - 7 curare-tipped darts
 r - 16 stones (quivered)
 v - 2 throwing nets
 G - 3 boomerangs
Armour
 b - a +0 plate armour (worn)
 o - a +0 cloak (worn)
 s - a +0 ring mail
Jewellery
 n - a +6 ring of dexterity (left hand)
 q - a ring of positive energy
 D - a +6 ring of strength (right hand)
Scrolls
 f - a scroll of fear
 h - 3 scrolls of blinking
 i - 3 scrolls of immolation
 m - a scroll of enchant armour
 u - 3 scrolls of teleportation
 w - a scroll of poison
 x - 3 scrolls of magic mapping
Potions
 c - a potion of attraction
 g - a potion of ambrosia
 k - a potion of might
 l - 2 potions of heal wounds
 t - a potion of lignification
 z - a potion of flight {unknown}
 A - a potion of cancellation {unknown}
 B - a potion of berserk rage {unknown}
 C - a potion of invisibility {unknown}
 E - a potion of curing {unknown}
 H - a potion of brilliance {unknown}
 I - a potion of haste {unknown}


   Skills:
 - Level 2.0 Fighting
 + Level 4.8 Short Blades
 - Level 2.0 Throwing
 - Level 1.0 Armour
 + Level 1.1 Dodging
 * Level 6.8 Stealth


You had 6 spell levels left.
You didn't know any spells.
Your spell library contained the following spells:

 Spells                   Type           Power      Damage    Failure   Level
 Magic Dart               Conj           0%         1d3       100%        1
 Necrotise                Necr           0%         1d4       100%        1
 Static Discharge         Conj/Air       0%         2-2/arc   100%        2
 Hailstorm                Conj/Ice       0%         3d3       100%        3
 Vampiric Draining        Necr           0%         2d6       100%        3
 Vhi's Electric Charge    Tloc/Air       0%         N/A       100%        3
 Ice Form                 Ice/Tmut       0%         N/A       100%        4
 Agony                    Necr           0%         N/A       100%        5
 Arcjolt                  Conj/Air       0%         1d10      100%        5
 Lightning Bolt           Conj/Air       0%         1d11      100%        5
 Simulacrum               Ice/Necr       0%         N/A       100%        6


Dungeon Overview and Level Annotations

Branches:
Dungeon (6/15)             Temple (1/1) D:4

Altars:
Cheibriados
Fedhas
Gozag
Kikubaaqudgha
Makhleb
Nemelex Xobeh
Qazlal
Sif Muna
Trog
Uskayaw
Vehumet
Wu Jian
Yredelemnul


Innate Abilities, Weirdness & Mutations

You are mostly covered in slimy green scales. (AC +3)
Your touch may inflict minor irresistible damage on your foes.


Message History

The sky beast flickers out of sight!
Something hits you but does no damage.
The orc priest hits you but does no damage.
You hit the orc priest.
The orc priest is poisoned.
The orc priest is lightly wounded.
You barely miss something.
A sky beast appears from thin air!
Reactivating autopickup.
The sky beast hits you but does no damage.
Something hits you but does no damage.
Deactivating autopickup; reactivate with Ctrl-A.
You hit something. Your touch misses something.
The sky beast flickers out of sight!
Something hits you but does no damage. x2
The orc priest hits you but does no damage.
The orc hits you with a +0 morningstar!
You hit the orc but do no damage.
The orc is poisoned.
Something hits you. Something shocks you. The orc barely misses you.
You hear some strange, mumbled words.
You are confused.
The orc priest looks encouraged for a moment.
The orc hits you but does no damage.
You closely miss something. Something hits you but does no damage.
The orc hits you but does no damage. Something hits you but does no damage.
The orc priest hits you but does no damage.
The orc hits you but does no damage.
You barely miss the orc. The orc attacks as you move away!
The orc hits you but does no damage. Something hits you.
The orc priest hits you but does no damage.
The orc attacks as you move away! The orc hits you with a +0 falchion.
* * * LOW HITPOINT WARNING * * *
The orc priest hits you with a +0 falchion.
* * * LOW HITPOINT WARNING * * *
The orc hits you with a +0 morningstar.
* * * LOW HITPOINT WARNING * * *
You are more confused.
You feel invigorated.
The orc priest invokes the aid of Beogh against you.
Beogh smites you!
* * * LOW HITPOINT WARNING * * *
The orc hits you with a +0 falchion.
You die...

#......#
#.....?#
#....?.+
##......#
#......#
#......#
#......#
#oo....#
#@{....#
#.o....#
#......#
#......+
#......#
#......#
#......#
#......#
#......#


You could see an orc priest (poisoned) and 2 orcs.

Vanquished Creatures
  Menkaure (D:4)
  An ice beast (D:4)
  A sky beast (D:4)
  2 hounds (D:5)
  2 jellies (D:5)
  2 orc wizards (D:4)
  4 gnolls (D:4)
  3 adders
  A white imp (D:5)
  An ufetubus (D:5)
  3 worms (D:3)
  The ghost of flotson the Sneak, a weakling DsDe (D:5)
  3 dart slugs
  3 orcs (D:4)
  5 endoplasms
  5 giant cockroaches
  9 goblins
  9 hobgoblins
  3 jackals (D:1)
  5 quokkas
  3 ball pythons
  3 bats
  A frilled lizard (D:2)
  5 kobolds
  3 rats
79 creatures vanquished.

Notes
Turn   | Place    | Note
-------+----------+-------------------------------------------
     0 | D:1      | IdlyInterested the Demonspawn Brigand began the quest for
                  | the Orb.
     0 | D:1      | Reached XP level 1. HP: 16/16 MP: 1/1
   240 | D:1      | Reached skill level 4 in Stealth
   240 | D:1      | Gained mutation: You are partially covered in slimy green
                  | scales. (AC +2) [demonic ancestry]
   240 | D:1      | Reached XP level 2. HP: 17/22 MP: 2/2
   734 | D:2      | Reached XP level 3. HP: 25/27 MP: 3/3
  1176 | D:2      | Reached skill level 1 in Dodging
  1442 | D:3      | Reached skill level 5 in Stealth
  1442 | D:3      | Reached XP level 4. HP: 31/33 MP: 4/4
  2059 | D:4      | Noticed a sky beast
  2069 | D:4      | Killed a sky beast
  2070 | D:4      | Gained mutation: Your touch may inflict minor irresistible
                  | damage on your foes. [demonic ancestry]
  2070 | D:4      | Reached XP level 5. HP: 38/38 MP: 5/5
  2240 | D:4      | Found a blossoming altar of Fedhas.
  2262 | D:4      | Reached skill level 1 in Armour
  2480 | D:4      | Noticed an ice beast
  2494 | D:4      | Killed an ice beast
  2495 | D:4      | Reached skill level 6 in Stealth
  2495 | D:4      | Gained mutation: You are mostly covered in slimy green
                  | scales. (AC +3) [demonic ancestry]
  2495 | D:4      | Reached XP level 6. HP: 37/44 MP: 6/6
  2603 | D:4      | Found a staircase to the Ecumenical Temple.
  2620 | Temple   | Entered the Ecumenical Temple
  2903 | D:4      | Noticed Menkaure
  2909 | D:4      | Killed Menkaure
  3137 | D:5      | Entered Level 5 of the Dungeon
  3491 | D:5      | Reached XP level 7. HP: 44/50 MP: 7/7
  3725 | D:5      | Found an ancient bone altar of Kikubaaqudgha.
  3825 | D:5      | Found a shimmering blue altar of Sif Muna.
  3827 | D:5      | Found a radiant altar of Vehumet.
  3832 | D:5      | Got Vehumet's Encyclopedia of Blows
  4033 | D:5      | Found a large runed translucent door.
  4033 | D:5      | Found a large runed translucent door.
  4035 | D:5      | Noticed flotson's ghost (weakling DsDe)
  4115 | D:5      | Killed flotson's ghost
  4422 | D:6      | HP: 1/50 [orc priest/divine providence (12)]
  4422 | D:6      | Slain by an orc

Illustrated notes

Levels and vault maps discovered:
D:1:      lightli_arrival_noodles, layout_basic
D:2:      layout_basic
D:3:      layout_loops_cross, minivault_14
D:4:      layout_basic, mainiacjoe_overflow_large_starburst, temple_pool_b,
          dk_rats_in_the_wall, uniq_menkaure
D:5:      layout_loops_corners, grunt_temple_overflow_magic_moments,
          ebering_ghost_disaster_area, nicolae_titane
D:6:      layout_gridville, cheibrodos_ashenzari_chains
Temple:   bh_familiar_temple

Skill      XL: |  1  2  3  4  5  6 |
---------------+-------------------+-----
Stealth        | 4 5 6 |  6.8
Short Blades   | 2 3 4 |  4.8
Dodging        | 1 |  1.1
Armour         | 1 |  1.0
Throwing       | 2 |  2.0
Fighting       | |  2.0

Action                   |  1- 3 |  4- 6 |  7- 9 || total
-------------------------+-------+-------+-------++-------
Melee: Dagger            |   134 |   123 |    31 ||   288
       Punch             |     2 |       |       ||     2
       Touch             |       |    11 |     5 ||    16
Throw: Stone             |     6 |    10 |       ||    16
       Dart              |       |     2 |       ||     2
  Use: Scroll            |    12 |       |     2 ||    14
       Potion            |       |       |     1 ||     1
 Stab: Sleeping          |     6 |     6 |       ||    12
Armor: Robe              |    28 |       |       ||    28
       Scale mail        |    12 |    45 |       ||    57
       Ring mail         |       |     2 |       ||     2
       Plate armour      |       |       |    29 ||    29
Dodge: Dodged            |    66 |    44 |     5 ||   115

Table legend: (Time is in decaauts)
 A = Elapsed time spent in this place.
 B = Non-inter-level travel time spent in this place.
 C = Inter-level travel time spent in this place.
 D = Time resting spent in this place.
 E = Time spent auto-exploring this place.
 F = Levels seen in this place.
 G = Mean time per level.
                   A        B        C        D        E       F      G
               +--------+--------+--------+--------+--------+-----+--------+
         Total |   4388 |   3755 |    633 |    383 |   2210 |   7 |  626.9 |
       Dungeon |   4196 |   3583 |    613 |    383 |   2042 |   6 |  699.3 |
        Temple |    191 |    171 |     20 |      0 |    168 |   1 |  191.0 |
               +--------+--------+--------+--------+--------+-----+--------+

Top non-repeatable levels by time:
     D:5: 1143 daAuts
     D:4: 988 daAuts
     D:1: 811 daAuts
     D:3: 709 daAuts
     D:2: 493 daAuts
  Temple: 191 daAuts
     D:6: 49 daAuts
